 Dungeon Crawl Stone Soup version 0.22.1-5-g62c59d919a (webtiles) character file.

1747 Gargoyl the Chopper (level 8, -5/67 HPs)
             Began as a Centaur Abyssal Knight on Jan 9, 2019.
             Was a Priest of Lugonu.
             Splashed by a wight's acid (14 damage)
             ... on level 7 of the Dungeon.
             The game lasted 00:13:22 (8796 turns).

Gargoyl the Chopper (Centaur Abyssal Knight)        Turns: 8796, Time: 00:13:23

Health: -5/67      AC:  8    Str: 15    XL:     8   Next: 77%
Magic:  11/11      EV: 12    Int: 11    God:    Lugonu [***...]
Gold:   300        SH:  3    Dex: 11    Spells: 7/7 levels left

rFire    . . .     SeeInvis +   a - +1 hand axe
rCold    . . .     Gourm    .   e - +0 buckler
rNeg     + . .     Faith    .   d - +2 leather armour {rN+}
rPois    .         Spirit   .   (no helmet)
rElec    .         Reflect  .   i - +0 cloak
rCorr    .         Harm     .   (no gloves)
MR       .....                  (no barding)
Stlth    +.........             (no amulet)
HPRegen  0.21/turn              v - ring of see invisible
MPRegen  0.12/turn              y - +3 ring of evasion

@: drained, very quick
A: large, hooves 3, deformed body, speed 2, tough skin 3
a: Depart the Abyss, Bend Space, Banish, Renounce Religion


You were on level 7 of the Dungeon.
You worshipped Lugonu.
Lugonu was most pleased with you.
You were not hungry.

You visited 1 branch of the dungeon, and saw 7 of its levels.
You visited the Abyss 1 time.

You collected 300 gold pieces.

Inventory:

Hand Weapons
 a - a +1 hand axe (weapon)
Missiles
 t - 4 tomahawks (quivered)
Armour
 d - a +2 leather armour of positive energy (worn)
 e - a +0 buckler (worn)
 i - a +0 cloak (worn)
 x - a +2 ring mail of fire resistance
Jewellery
 v - a ring of see invisible (left hand)
 y - a +3 ring of evasion (right hand)
Wands
 u - a wand of clouds (7)
Scrolls
 h - 2 scrolls of remove curse
 j - 5 scrolls of identify
 o - 2 scrolls of teleportation
 w - a scroll of magic mapping
Potions
 b - 2 potions of brilliance
 f - a potion of mutation {unknown}
 g - a potion of agility {unknown}
 k - a potion of heal wounds
 l - a potion of degeneration {unknown}
 m - a potion of flight {unknown}
 n - 3 potions of magic
 p - a potion of ambrosia {unknown}
 q - 2 potions of might
 r - 2 potions of curing
 s - a potion of lignification {unknown}
 z - a potion of haste
Comestibles
 c - 8 rations


   Skills:
 + Level 4.7(3.7) Fighting
 + Level 5.4(4.4) Axes
 + Level 1.2(0.3) Throwing
 * Level 4.0(3.0) Armour
 * Level 4.1(3.0) Dodging
 + Level 1.3(0.3) Shields
 * Level 5.0(4.0) Invocations


You had 7 spell levels left.
You didn't know any spells.
Your spell library was empty.

Dungeon Overview and Level Annotations

Branches:
Dungeon (7/15)
 Temple: D:4-7

Altars:
Makhleb
Nemelex Xobeh
Okawaru
Qazlal
Sif Muna
Trog
Uskayaw
Wu Jian

Annotations:
D:6 Dowan, Duvessa


Innate Abilities, Weirdness & Mutations

You have hooves in place of feet.
Armour fits poorly on your strangely shaped body.
You cover ground very quickly.
You have extremely tough skin. (AC +3)


Message History

You hit the wight but do no damage.
The wight is moderately damaged.
You hit the wight but do no damage.
The wight zaps a wand.
The bolt of acid misses you.
It is a wand of acid (9).
The wight hits you with an enchanted hand axe.
You partially resist.
You feel drained.
Unknown command.
You hit the wight. You kick the wight.
The wight is severely damaged.
You hit the wight but do no damage.
The wight hits you with an enchanted trident!
* * * LOW HITPOINT WARNING * * *
The wight hits you but does no damage.
Unknown command.
You closely miss the wight. You kick the wight, but do no damage.
The wight is severely damaged.
You closely miss the wight.
The wight zaps a wand.
The bolt of acid hits you!
* * * LOW HITPOINT WARNING * * *
You are splashed with acid!
The acid burns!
You die...

.. .# .## # ..
#( .# #
..###.##.##.#
........z...##.
#@z......
#####.##.


You could see 2 wights.

Vanquished Creatures
  Grinder (D:3)
  Sigmund (D:2)
  2 ice beasts
  2 phantoms
  2 ogres
  A centaur (D:5)
  A scorpion (D:5)
  3 wights (D:3)
  A bullfrog zombie (D:5)
  A centaur skeleton (D:4)
  A hound (D:4)
  4 orc wizards
  Terence (D:3)
  6 worker ants
  A hound skeleton (D:6)
  3 gnolls (D:5)
  6 adders
  A shadow imp (D:5)
  2 oozes
  7 worms
  2 dart slugs (D:2)
  8 leopard geckos
  7 orcs
  6 giant cockroaches
  7 hobgoblins
  17 jackals
  7 kobolds
  5 quokkas
  3 ball pythons
  7 bats
  4 frilled lizards
  7 goblins
  2 leopard gecko skeletons (D:5)
  3 rats
132 creatures vanquished.

Vanquished Creatures (others)
  An orc wizard (D:5)
1 creature vanquished.

Grand Total: 133 creatures vanquished

Notes
Turn   | Place    | Note
-------+----------+-------------------------------------------
     0 | Abyss:1  | Gargoyl the Centaur Abyssal Knight began the quest for the
                  | Orb.
     0 | Abyss:1  | Reached XP level 1. HP: 19/19 MP: 2/2
     0 | Abyss:1  | Found a corrupted altar of Lugonu.
    32 | Abyss:1  | Noticed a worldbinder
    53 | Abyss:1  | Noticed a spiny frog
    59 | D:1      | Escaped the Abyss
   152 | D:1      | Reached XP level 2. HP: 23/26 MP: 3/3
   159 | D:1      | Reached * piety under Lugonu
   248 | D:1      | Reached skill level 1 in Dodging
   750 | D:1      | Reached XP level 3. HP: 31/31 MP: 4/4
  1560 | D:2      | Found an ornate altar of the Wu Jian Council.
  1595 | D:2      | Noticed Sigmund
  1631 | D:2      | Killed Sigmund
  1631 | D:2      | Reached ** piety under Lugonu
  1631 | D:2      | Reached XP level 4. HP: 20/40 MP: 6/6
  1631 | D:2      | Reached XP level 5. HP: 23/46 MP: 7/7
  1961 | D:2      | Found a stormy altar of Qazlal.
  2396 | D:2      | Found an iron altar of Okawaru.
  2396 | D:2      | Found a faded altar of an unknown god.
  2523 | D:2      | Found a sparkling altar of Nemelex Xobeh.
  2525 | D:2      | Found a faded altar of an unknown god.
  2527 | D:2      | Found a bloodstained altar of Trog.
  2659 | D:2      | Reached XP level 6. HP: 48/52 MP: 8/8
  4261 | D:3      | Noticed Grinder
  4273 | D:3      | Killed Grinder
  4273 | D:3      | Reached XP level 7. HP: 42/59 MP: 9/9
  4573 | D:3      | Noticed Terence
  4589 | D:3      | Killed Terence
  4668 | D:3      | Found a sparkling altar of Nemelex Xobeh.
  4719 | D:4      | Found a hide-covered altar of Uskayaw.
  4736 | D:4      | Reached *** piety under Lugonu
  5756 | D:5      | Entered Level 5 of the Dungeon
  5844 | D:5      | Found a deep blue altar of Sif Muna.
  6409 | D:5      | Reached XP level 8. HP: 48/67 MP: 11/11
  6620 | D:5      | Reached skill level 1 in Shields
  6938 | D:5      | Reached skill level 5 in Axes
  7875 | D:6      | Found a burning altar of Makhleb.
  7944 | D:6      | Reached skill level 1 in Throwing
  8234 | D:6      | Reached skill level 5 in Invocations
  8550 | D:6      | Noticed Duvessa
  8552 | D:6      | Noticed Dowan
  8796 | D:7      | Splashed by a wight's acid

Skill      XL: |  1  2  3  4  5  6  7  8 |
---------------+-------------------------+-----
Dodging        | 1 2 3 4 |  4.1
Axes           | 2 3 4 5 |  5.4
Armour         | 2 3 4 |  4.0
Invocations    | 3 4 5 |  5.0
Fighting       | 4 |  4.7
Shields        | 1 |  1.3
Throwing       | 1 |  1.2

Action                   |  1- 3 |  4- 6 |  7- 9 || total
-------------------------+-------+-------+-------++-------
Melee: Hand axe          |   127 |   156 |   293 ||   576
       Kick              |    15 |    40 |    73 ||   128
Throw: Tomahawk          |       |       |    12 ||    12
Invok: Depart the Abyss  |     1 |       |       ||     1
  Use: Scroll            |     5 |     2 |     4 ||    11
       Potion            |     1 |     1 |       ||     2
  Eat: Chunk             |     1 |     4 |     3 ||     8
       Ration            |       |     1 |     3 ||     4
Armor: Leather armour    |    71 |    69 |   107 ||   247
Dodge: Dodged            |    74 |    63 |   134 ||   271
Block: Buckler           |     6 |    22 |    44 ||    72
